Map: Lightshade LE

Players

piglet

  • Race: Terran Terran
  • League: Grandmaster
  • Spawn Location: 5:00

RiSky - Winner!

  • Race: Zerg Zerg
  • Spawn Location: 11:00

Event: DreamHack SC2 Masters 2020 Winter

VOD

Have the link to the VOD?

Description

Time

  • Played on: Oct. 17, 2020, 5:09 a.m.
  • Length: 10:40

All games in this series

Show
View Real Time Build Order
Export as new Build Order

piglet Terran 

Build Orders: Gas First Reaper Expand, Mech, Banshee Rush 

Get SALT Encoding   

  12  0:00  SCV  
  13  0:12  SCV  
  14  0:16  Supply Depot  
  14  0:24  SCV  
  14  0:27  Refinery  
  15  0:38  SCV  
  16  0:44  Barracks  
  16  0:50  SCV  
  17  1:02  SCV  
  18  1:14  SCV  
  19  1:31  Reaper, Orbital Command  
  20  1:44  Command Center  
  20  1:55  Factory  
  20  1:58  SCV  
  21  2:05  Barracks Reactor  
  21  2:09  Refinery  
  21  2:10  SCV  
  22  2:16  Supply Depot  
  22  2:22  SCV  
  23  2:37  SCV  
  23  2:40  Starport  
  24  2:47  Hellion x2  
  24  2:49  SCV  
  29  2:57  Orbital Command  
  29  3:01  SCV  
  29  3:03  Barracks Tech Lab  
  30  3:14  SCV  
  30  3:15  Hellion  
  33  3:21  Hellion  
  33  3:24  SCV  
  33  3:26  SCV  
  37  3:29  Banshee  
  37  3:32  Cloaking Field  
  40  3:39  Supply Depot  
  40  3:40  Barracks Tech Lab  
  40  3:41  SCV  
  41  3:46  SCV  
  42  3:53  SCV  
  43  3:58  SCV  
  44  4:04  Command Center  
  44  4:05  SCV  
  45  4:10  SCV  
  45  4:12  Banshee  
  45  4:16  Marine x2  
  51  4:17  SCV  
  51  4:21  Supply Depot  
  52  4:25  SCV  
  52  4:29  Refinery  
  52  4:30  SCV  
  54  4:32  Refinery  
  54  4:36  Supply Depot  
  54  4:43  SCV  
  58  4:46  Armory x2  
  55  5:04  Factory  
  55  5:05  SCV x2  
  55  5:06  Factory  
  57  5:17  SCV x2  
  57  5:18  Orbital Command  
  58  5:28  Starport Reactor  
  58  5:29  SCV x2  
  58  5:31  Hellion x2, Supply Depot  
  64  5:38  Terran Vehicle Weapons Level 1, Terran Vehicle And Ship Armor Level 1  
  64  5:39  Supply Depot  
  64  5:41  SCV  
  65  5:44  Orbital Command  
  65  5:45  SCV  
  65  5:49  Siege Tank x2  
  72  5:53  SCV  
  72  5:55  Supply Depot  
  73  5:57  Engineering Bay  
  73  6:01  SCV  
  73  6:02  Supply Depot, Refinery  
  74  6:05  SCV  
  75  6:13  Factory  
  75  6:14  SCV  
  75  6:15  SCV, Factory  
  75  6:17  Starport Reactor  
  75  6:18  SCV  
  78  6:20  Supply Depot  
  78  6:22  Mag-Field Accelerator  
  78  6:26  SCV  
  78  6:27  Refinery  
  78  6:30  Cyclone  
  82  6:33  Hellion, Cyclone  
  82  6:34  Hellion  
  87  6:40  SCV x2  
  87  6:44  SCV  
  87  6:46  Barracks Tech Lab  
  90  6:49  Supply Depot  
  90  6:52  SCV x2  
  92  6:56  SCV  
  92  6:57  Hellion x2  
  92  6:59  Infernal Pre-Igniter  
  97  7:04  SCV x2  
  97  7:05  Supply Depot  
  97  7:06  Cyclone  
  97  7:08  SCV  
  103  7:12  Cyclone  
  106  7:17  Hellion x2  
  106  7:18  SCV x2  
  112  7:28  Hellion  
  112  7:29  Hellion  
  116  7:30  Cyclone  
  119  7:38  Hellion, Cyclone  
  119  7:41  Hellion  
  101  7:44  Cyclone  
  100  7:54  Hellion x2  
  104  8:00  Hellion  
  104  8:01  Liberator x2  
  104  8:03  Cyclone  
  115  8:10  Cyclone  
  120  8:13  Hellion  
  120  8:16  Cyclone  
  120  8:18  Hellion  
  123  8:22  Hellion  
  123  8:27  Hellion  
  98  8:34  Hellion  
  98  8:35  Cyclone  
  98  8:39  Hellion  
  84  8:42  Cyclone  
  84  8:43  Hellion  
  84  8:47  Liberator  
  84  8:48  Cyclone, Orbital Command  
  82  8:50  Hellion  
  82  8:53  SCV  
  82  8:54  SCV, Supply Depot  
  91  8:55  Hellion  
  91  9:07  Cyclone  
  91  9:08  SCV x2  
  96  9:14  Cyclone  
  97  9:17  Hellion  
  97  9:20  Hellion, Cyclone  
  105  9:31  Liberator  
  108  9:39  Hellion x2  
  108  9:40  Factory Tech Lab  
  108  9:43  Barracks Tech Lab  
  108  9:44  Supply Depot  
  110  9:53  Hellion  
  110  9:57  Orbital Command  
  114  10:00  Hellion, Siege Tank  
  114  10:04  Hellion, Siege Tank  
  114  10:06  Hellion  
  108  10:14  Hellion  
Show
View Real Time Build Order
Export as new Build Order

RiSky Zerg - Winner!

Build Orders: Hatch First, Swarm Host 

Get SALT Encoding   

  12  0:00  Drone  
  13  0:12  Overlord  
  13  0:17  Drone  
  14  0:30  Drone x2  
  16  0:47  Hatchery  
  15  0:51  Drone  
  15  0:54  Drone  
  17  0:58  Drone  
  18  1:08  Extractor  
  17  1:13  Spawning Pool  
  17  1:16  Drone  
  17  1:18  Drone  
  18  1:28  Drone  
  19  1:38  Drone  
  20  1:50  Overlord  
  20  1:59  Queen  
  20  2:00  Zergling x4, Queen  
  26  2:10  Drone  
  26  2:11  Drone  
  28  2:21  Drone  
  28  2:22  Drone  
  30  2:35  Hatchery, Drone  
  30  2:40  Metabolic Boost  
  30  2:44  Queen  
  30  2:47  Overlord  
  30  2:50  Drone  
  33  2:52  Drone  
  33  2:54  Drone  
  33  2:57  Drone  
  36  3:12  Drone x3  
  39  3:13  Drone x2  
  39  3:18  Overlord  
  40  3:20  Drone  
  40  3:25  Drone  
  42  3:32  Drone  
  43  3:36  Queen x2  
  43  3:38  Drone  
  48  3:46  Queen, Drone  
  48  3:47  Drone  
  52  3:48  Drone x2  
  52  3:54  Overlord  
  52  3:55  Drone x3  
  57  3:57  Overlord  
  57  4:06  Overlord  
  57  4:13  Zergling x2  
  57  4:15  Drone  
  57  4:17  Zergling x4, Roach Warren, Drone  
  60  4:21  Lair  
  60  4:23  Spore Crawler  
  60  4:24  Spore Crawler  
  59  4:25  Spore Crawler  
  59  4:27  Drone x2  
  59  4:29  Drone x4  
  59  4:30  Drone  
  65  4:40  Drone x2  
  65  4:41  Drone  
  65  4:42  Overlord  
  65  4:45  Drone x2  
  70  4:46  Drone  
  70  4:47  Extractor  
  70  4:48  Drone x2, Extractor x3  
  70  4:49  Evolution Chamber  
  70  4:50  Overlord  
  70  4:52  Drone  
  69  4:54  Drone x2  
  69  4:58  Drone  
  72  5:00  Overlord  
  72  5:03  Overlord  
  72  5:05  Drone  
  72  5:06  Overlord  
  73  5:10  Extractor  
  73  5:13  Drone  
  73  5:15  Zergling x4  
  73  5:18  Overlord  
  73  5:19  Drone  
  76  5:21  Hatchery  
  76  5:22  Glial Reconstitution  
  76  5:24  Drone x2  
  77  5:29  Drone x2  
  77  5:31  Overseer  
  77  5:33  Drone x4  
  83  5:37  Drone x2  
  83  5:42  Drone x2  
  87  5:43  Drone  
  87  5:46  Drone  
  87  5:47  Overlord  
  89  5:55  Infestation Pit  
  88  5:58  Overlord x2  
  88  6:09  Zerg Missile Weapons Level 1  
  88  6:17  Drone x3  
  88  6:18  Extractor  
  90  6:19  Spore Crawler  
  89  6:35  Swarm Host x14  
  89  6:38  Overlord  
  131  6:42  Roach x3  
  131  6:43  Roach  
  138  6:47  Roach x2  
  142  6:56  Roach x3  
  142  6:57  Overlord, Extractor  
  142  6:59  Drone x2  
  142  7:00  Drone x3  
  152  7:11  Overlord, Drone  
  152  7:15  Roach x3  
  159  7:19  Ravager x4  
  167  7:22  Roach  
  167  7:23  Roach  
  167  7:31  Overlord x2  
  167  7:34  Roach x4  
  172  7:40  Roach x4  
  174  7:52  Ravager x7  
  181  8:01  Zergling x20  
  191  8:05  Zerg Missile Weapons Level 2, Baneling Nest  
  191  8:12  Zergling x2  
  191  8:15  Hatchery  
  186  8:28  Overlord x3  
  186  8:32  Evolution Chamber  
  186  8:33  Overlord  
  176  8:35  Queen  
  176  8:36  Queen x2  
  167  8:46  Overseer  
  160  8:49  Centrifical Hooks, Drone x3  
  160  8:50  Zergling x10  
  160  8:51  Zergling x12  
  176  8:55  Ravager x2  
  176  8:57  Zergling x2  
  178  9:02  Zergling x2  
  178  9:03  Zergling x8  
  178  9:09  Zergling x16  
  190  9:21  Zergling x8  
  191  9:27  Baneling  
  191  9:28  Baneling x42  
  191  9:29  Baneling x5  
  191  9:43  Drone x9  
  200  9:50  Spore Crawler  
  198  10:09  Zergling x2  
  198  10:10  Zergling x4  
  196  10:18  Roach x11  
Tags
 
Add a new tag
Caveats
  • Supply blocks, unpowered buildings, or Contaminate may cause inaccurate times.
  • Supply counts are checked every 10 seconds.